 Dungeon Crawl Stone Soup version 0.31.0-11-ge490571c62 (webtiles) character file.

Game seed: 13368778036556838471

16 qw the Shooter (level 2, -4/14 HPs)
             Began as a Spriggan Hunter on Feb 3, 2024.
             Slain by a hobgoblin (5 damage)
             ... on level 2 of the Dungeon.
             The game lasted 00:00:01 (354 turns).

qw the Shooter (Spriggan Hunter)                     Turns: 354, Time: 00:00:02

Health: -4/14      AC:  2    Str:  7    XL:     2   Next: 37%
Magic:  3/3        EV: 10    Int: 10    God:
Gold:   55         SH:  0    Dex: 18    Spells: 1/1 levels left

rFire   . . .        a - +0 shortbow
rCold   . . .        (shield currently unavailable)
rNeg    . . .        c - +0 robe
rPois   .            (helmet restricted)
rElec   .            (no cloak)
rCorr   .            (gloves unavailable)
SInv    +            (boots unavailable)
Will    .....        (no amulet)
Stlth   ++           (no ring)
HPRegen 0.22/turn    (no ring)
MPRegen 0.08/turn

%: no passive effects
@: held, very quick
A: very small, no large weapons, unfitting armour, see invisible, speed 3
a: no special abilities


You were on level 2 of the Dungeon.
You visited 1 branch of the dungeon, and saw 2 of its levels.

You collected 55 gold pieces.


Innate Abilities, Weirdness & Mutations

You are very small and have problems with some larger weapons.
You are too small for most types of armour.
You have supernaturally acute eyesight. (SInv)
You cover ground extremely quickly. (Speed+++)


   Skills:
 - Level 1.5 Fighting
 + Level 4.0 Ranged Weapons
 - Level 4.0 Dodging
 - Level 1.5 Stealth


You had one spell level left.
You didn't know any spells.
Your spell library was empty.

Inventory:

Hand Weapons
 a - a +0 shortbow (weapon)
Armour
 c - a +0 robe (worn)
Potions
 d - 2 potions of curing

Dungeon Overview and Level Annotations

Branches:
Dungeon (2/15)

Altars:


Message History

The bat barely misses you. The hobgoblin closely misses you.
The hobgoblin misses you.
You shoot an arrow. The arrow barely misses the bat.
The bat hits you but does no damage. The jackal misses you.
The hobgoblin closely misses you. The jackal barely misses you.
You shoot an arrow. The arrow barely misses the bat.
The bat hits you but does no damage.
A ribbon worm comes into view.
The jackal closely misses you. The hobgoblin barely misses you.
The bat completely misses you.
You shoot an arrow. The arrow hits the bat.
You kill the bat!
The jackal closely misses you. The hobgoblin closely misses you.
The jackal bites you.
Your Dodging skill increases to level 4!
You shoot an arrow. The arrow hits the jackal.
You kill the jackal!
The hobgoblin misses you.
You shoot an arrow. The arrow hits the goblin.
The goblin is heavily wounded.
The hobgoblin misses you. The goblin misses you.
The hobgoblin closely misses you. The goblin closely misses you.
You shoot an arrow. The arrow hits the goblin.
You kill the goblin!
The ribbon worm expels a string of sticky webbing.
The stream of webbing hits you but does no damage.
You are caught in a web!
The web tears apart.
You shoot an arrow.
The arrow completely misses the hobgoblin.
The hobgoblin completely misses you. The ribbon worm bites you.
You shoot an arrow. The arrow hits the ribbon worm!
The ribbon worm is moderately wounded.
The hobgoblin hits you. The ribbon worm bites you.
The ribbon worm expels a string of sticky webbing.
The stream of webbing hits you but does no damage.
You are caught in a web!
You struggle to detach yourself from the web.
The hobgoblin hits you.
You die... ####.###### ........>..##

You could see 2 ribbon worms and a hobgoblin.

Vanquished Creatures
  5 ball pythons (D:1)
  5 bats
  2 goblins
  2 jackals (D:2)
  A frilled lizard (D:1)
15 creatures vanquished.

Notes
Turn   | Place    | Note
-------+----------+-------------------------------------------
     0 | D:1      | qw the Spriggan Hunter began the quest for the Orb.
     0 | D:1      | Reached XP level 1. HP: 10/10 MP: 2/2
     0 | D:1      | 0 ||| qw: Version: 0.3-a-158-g18b3111
     0 | D:1      | 0 ||| qw: Game counter: 4172
     0 | D:1      | 0 ||| qw: Melee chars always use a shield: true
     0 | D:1      | 0 ||| qw: God list: Okawaru
     0 | D:1      | 0 ||| qw: Allow faded altars: false
     0 | D:1      | 0 ||| qw: Do Orc after clearing Dungeon:15 true
     0 | D:1      | 0 ||| qw: Do second Lair branch before Depths: true
     0 | D:1      | 0 ||| qw: Lair rune preference: random
     0 | D:1      | 0 ||| qw: Goals: Normal
     0 | D:1      | 0 ||| PLANNING D:1-11
     9 | D:1      | Reached skill level 3 in Dodging
    92 | D:1      | Found a faded altar of an unknown god.
    97 | D:1      | Reached XP level 2. HP: 14/14 MP: 3/3
   330 | D:1      | 330 ||| READING scroll labelled UMI ZOFANNEA.
   330 | D:1      | 330 ||| IDENTIFYING 2 bubbling cyan potions
   331 | D:1      | 331 ||| READING scroll labelled QUWOYF FAGU.
   332 | D:1      | 332 ||| DROPPING scroll of butterflies.
   340 | D:2      | 340 ||| RETREEEEATING.
   341 | D:2      | 341 ||| RETREEEEATING.
   353 | D:2      | HP: 2/14 [hobgoblin (5)]
   354 | D:2      | Slain by a hobgoblin

Levels and vault maps discovered:
D:1:      eino_arrival_water_cross, layout_rooms, basic_ecumenical_altar
D:2:      layout_rooms, basic_altar, minmay_snake_closets, uniq_robin,
          uniq_natasha

Skill      XL: |  1  2 |
---------------+-------+-----
Dodging        | 3 4 |  4.0
Fighting       | |  1.5
Ranged Weapons | |  4.0
Stealth        | |  1.5

Action                     || total
---------------------------++-------
   Fire: Shortbow          ||    31
    Use: Scroll            ||     2
 Armour: Robe              ||    10
  Dodge: Dodged            ||    22

Table legend:
 A = Non-vault XP
 B = Vault XP
 C = Vault XP percentage of total XP
 D = Non-vault monster count
 E = Vault monster count
 F = Vault count percentage of total count
                 A         B        C        D         E       F
            +---------+---------+-------+---------+---------+-------
      Total |      23 |       0 |   0.0 |      15 |       0 |   0.0
            +---------+---------+-------+---------+---------+-------
        D:1 |      15 |       0 |   0.0 |      11 |       0 |   0.0
        D:2 |       8 |       0 |   0.0 |       4 |       0 |   0.0
            +---------+---------+-------+---------+---------+-------
